 Dungeon Crawl Stone Soup version 0.28.0 (webtiles) character file.

Game seed: 16547952869393575528

79 eataudio the Chopper (level 4, 0/40 HPs)
             Began as a Hill Orc Berserker on Feb 17, 2022.
             Was a Believer of Trog.
             Killed from afar by an orc wizard (6 damage)
             ... with a magic dart
             ... on level 3 of the Dungeon.
             The game lasted 00:04:26 (2128 turns).

eataudio the Chopper (Hill Orc Berserker)           Turns: 2128, Time: 00:04:27

Health: 0/40       AC:  2    Str: 19    XL:     4   Next: 37%
Magic:  4/4        EV: 12    Int:  7    God:    Trog [**....]
Gold:   93         SH:  0    Dex: 12    Spells: 3/3 levels left

rFire   + . .      SeeInvis .   a - +0 hand axe
rCold   . . .      Faith    .   (no shield)
rNeg    . . .      Spirit   .   b - +0 animal skin
rPois   .          Reflect  .   (no helmet)
rElec   .          Harm     .   (no cloak)
rCorr   .          Rampage  .   (no gloves)
Will    .....                   (no boots)
Stlth   +.........              (no amulet)
HPRegen 0.13/turn               g - ring of protection from fire
MPRegen 0.09/turn               (no ring)

@: on berserk cooldown, slowed, very slow
A: no striking features
a: Renounce Religion, Berserk, Trog's Hand


You were on level 3 of the Dungeon.
You worshipped Trog.
Trog was pleased with you.
You visited 1 branch of the dungeon, and saw 3 of its levels.

You collected 93 gold pieces.

Inventory:

Hand Weapons
 a - a +0 hand axe (weapon)
Armour
 b - a +0 animal skin (worn)
 d - a +0 plate armour
Jewellery
 g - a ring of protection from fire (left hand)
Scrolls
 h - a scroll of fog {unknown}
Potions
 c - 2 potions of degeneration {unknown}
 e - a potion of flight {unknown}
 f - a potion of resistance {unknown}
 i - 2 potions of cancellation {unknown}


   Skills:
 + Level 4.2 Fighting
 + Level 5.5 Axes
 + Level 2.3 Armour
 + Level 2.0 Dodging
 + Level 0.9 Stealth


You had 3 spell levels left.
You didn't know any spells.
Your spell library was empty.

Dungeon Overview and Level Annotations

Branches:
Dungeon (3/15)

Altars:

Shops:
D:1 !   D:2 [


Message History

The orc wizard casts a spell at you. You resist with some effort.
You bump into the rock wall.
You are no longer berserk.
You are exhausted.
You feel yourself slow down.
The orc wizard gestures wildly while chanting.
The orc wizard flickers and vanishes!
Deactivating autopickup; reactivate with Ctrl-A.
You're too confused to move!
You slash the orc!
You kill the orc!
Trog accepts your kill.
You feel less confused.
You hear some strange, mumbled words.
A magic dart appears from out of thin air!
The magic dart hits you!
You closely miss something. Something hits you.
You hit something. Something hits you. x2
You hit something but do no damage. Something hits you.
You miss something. Something hits you.
* * * LOW HITPOINT WARNING * * *
You hear some strange, mumbled words.
Something tries to affect you, but you resist.
You miss something. Something hits you.
* * * LOW HITPOINT WARNING * * *
You barely miss something. Something hits you but does no damage.
Something hits you.
* * * LOW HITPOINT WARNING * * *
You miss something. Something hits you.
* * * LOW HITPOINT WARNING * * *
You miss something. Something hits you.
* * * LOW HITPOINT WARNING * * *
Something hits you.
* * * LOW HITPOINT WARNING * * *
You closely miss something.
You hear some strange, mumbled words.
A magic dart appears from out of thin air!
The magic dart hits you.
You die...

########.....##.....##
#..........#.#...o...#
#.#######....#.......#
#.#### #...##...o...#
#....# #....# .....#
#....# #...## o..#
##...# #...#####'#######
##.## #...##...........
#..## #...@{...........
#.#.###...##.(.........
#.###.##...#####+#######
#.# ##.......# #.
#.....#### . #..#...# .
#..#.###.# #. #..#. #.#
#. #. ..#


There were no monsters in sight!

Vanquished Creatures
  An orc wizard (D:3)
  An adder (D:2)
  2 orcs (D:3)
  2 ball pythons (D:2)
  6 bats
  3 endoplasms
  5 giant cockroaches
  3 goblins
  5 hobgoblins
  2 jackals (D:2)
  A frilled lizard (D:1)
  3 kobolds
  5 rats
39 creatures vanquished.

Vanquished Creatures (others)
  2 plants (D:1)
2 creatures vanquished.

Grand Total: 41 creatures vanquished

Notes
Turn   | Place    | Note
-------+----------+-------------------------------------------
     0 | D:1      | eataudio the Hill Orc Berserker began the quest for the
                  | Orb.
     0 | D:1      | Reached XP level 1. HP: 19/19 MP: 1/1
   225 | D:1      | Reached XP level 2. HP: 19/27 MP: 2/2
   332 | D:1      | Found a faded altar of an unknown god.
   801 | D:1      | Found Desk's Distillery.
  1187 | D:2      | Reached XP level 3. HP: 31/33 MP: 3/3
  1216 | D:2      | Reached ** piety under Trog
  1344 | D:2      | Found Molehoig's Armour Shoppe.
  1450 | D:2      | Reached skill level 5 in Axes
  2114 | D:3      | Reached XP level 4. HP: 40/40 MP: 4/4
  2128 | D:3      | Killed from afar by an orc wizard

Illustrated notes

Levels and vault maps discovered:
D:1:      nicolae_arrival_memento_mori, layout_loops_cross, serial_shops,
          nicolae_shop_advertising_works [nicolae_subvault_shop_adworks],
          shapermc_ecumenical_altar_mp_ritualfount
D:2:      layout_loops_ring, serial_shops, shop, minmay_worlds_worst_comb
D:3:      kennysheep_six_static_rooms, layout_loops_ring, minmay_misc_feat_rows,
          chequers_serial_rivers_large_a

Skill      XL: |  1  2  3 |
---------------+----------+-----
Fighting       | 4 |  4.2
Axes           | 5 |  5.5
Dodging        | 2 |  2.0
Armour         | |  2.3
Stealth        | |  0.9

Action                   |  1- 3 |  4- 6 || total
-------------------------+-------+-------++-------
Melee: Hand axe          |   113 |    11 ||   124
       Punch             |     3 |       ||     3
Invok: Berserk           |     1 |       ||     1
  Use: Scroll            |     2 |       ||     2
 Stab: Sleeping          |     4 |       ||     4
Armor: Animal skin       |    29 |     1 ||    30
Dodge: Dodged            |    87 |       ||    87
